 Dungeon Crawl Stone Soup version 0.28-a0-793-g31680bbd8b (webtiles) character file.

Game seed: 994679437754514507

8361 jasper the Arsonist (level 11, -8/78 HPs)
             Began as a Demonspawn Cinder Acolyte on Nov 4, 2021.
             Was a Priest of Ignis.
             Killed from afar by a gargoyle (28 damage)
             ... with a stone arrow
             ... on level 10 of the Dungeon.
             The game lasted 00:15:48 (11855 turns).

jasper the Arsonist (Demonspawn Cinder Acolyte)    Turns: 11855, Time: 00:15:48

Health: -8/78      AC:  8    Str: 14    XL:     11   Next: 8%
Magic:  8/22       EV: 11    Int: 22    God:    Ignis [***...]
Gold:   385        SH: 11    Dex: 14    Spells: 6/25 levels left

rFire   + + +      SeeInvis .   k - +2 dagger (venom)
rCold   . . .      Faith    .   p - +0 buckler
rNeg    . . .      Spirit   .   i - +2 leather armour {rPois}
rPois   +          Reflect  .   (helmet unavailable)
rElec   .          Harm     .   d - +1 cloak
rCorr   .          Rampage  .   A - +0 pair of gloves
Will    .....                   (no boots)
Stlth   +.........              (no amulet)
HPRegen 0.23/turn               s - ring "Gukkujel" {rF+ Int+4 Dex+4}
MPRegen 0.36/turn               x - ring of protection from fire

@: studying Slings
A: horns 3, large bone plates 2, foul stench 1, magic regeneration
a: Renounce Religion, Sea of Fire, Foxfire Swarm, Rising Flame


You were on level 10 of the Dungeon.
You worshipped Ignis.
Ignis was most pleased with you.
You visited 1 branch of the dungeon, and saw 10 of its levels.

You collected 479 gold pieces.
You spent 94 gold pieces at shops.

Inventory:

Hand Weapons
 a - a -1 spear of flaming
 c - a +0 scythe
 k - a +2 dagger of venom (weapon)
Missiles
 e - 304 stones
 v - a throwing net
Armour
 b - a +0 robe
 d - a +1 cloak (worn)
 g - a +0 leather armour
 i - a +2 leather armour of poison resistance (worn)
 l - a +1 robe of cold resistance
 p - a +0 buckler (worn)
 q - a +0 cloak
 w - a +0 kite shield
 A - a +0 pair of gloves (worn)
Jewellery
 s - the ring "Gukkujel" (left hand) {rF+ Int+4 Dex+4}
   (You found it on level 6 of the Dungeon)

   [ring of protection from fire]

   Int:       It affects your intelligence (+4).
   Dex:       It affects your dexterity (+4).
   rF:        It protects you from fire.
 x - a ring of protection from fire (right hand)
 y - a ring of ice
Wands
 r - a wand of paralysis (7)
Scrolls
 f - 4 scrolls of amnesia
 m - a scroll of immolation
 t - a scroll of blinking
 z - a scroll of fear
Potions
 h - 3 potions of flight
 j - 2 potions of haste
 n - 3 potions of curing
 o - 3 potions of heal wounds
 u - a potion of attraction


   Skills:
 - Level 4.3 Fighting
 - Level 2.6 Polearms
 - Level 3.0 Armour
 - Level 4.0 Shields
 + Level 7.6 Spellcasting
 + Level 4.0 Conjurations
 - Level 9.0 Fire Magic
 * Level 4.5 Air Magic
 - Level 7.4 Poison Magic


You had 6 spell levels left.
You knew the following spells:

 Your Spells              Type           Power      Damage    Failure   Level
a - Scorch                Fire           94%        2d9       1%          2
b - Olgreb's Toxic Radia  Pois           41%        N/A       4%          4
c - Airstrike             Air            14%        N/A       14%         4
d - Summon Lightning Spi  Summ/Air       18%        N/A       36%         4
e - Lightning Bolt        Conj/Air       13%        1d27      41%         5

Your spell library contained the following spells:

 Spells                   Type           Power      Damage    Failure   Level
 Sting                    Tmut/Pois      96%        1d7       1%          1
 Poisonous Vapours        Pois/Air       68%        N/A       1%          2


Dungeon Overview and Level Annotations

Branches:
Dungeon (10/15)            Temple (0/1) D:7             Orc (0/2) D:9
   Lair: D:8-11

Altars:
Xom
Yredelemnul

Shops:
D:1 [   D:7 :

Annotations:
D:4 2 transporters, AlleluiaPinecone's ghost, amateur GnWn
D:8 1 runed translucent door, Gastronok; Liquidunit's ghost, novice MiGl


Innate Abilities, Weirdness & Mutations

You have a pair of large horns on your head.
You are mostly covered in large bone plates. (SH +6)
You may rarely emit foul miasma when damaged in melee.
You regenerate magic rapidly.


Message History

You now have 11/22 mp.
Flames leap up around you! The gargoyle hits you with a +0 flail!
You take 9 damage, and have 33/78 hp.
Casting: Scorch (safe; 1% risk of failure)
Press: ? - help, Q - select action, (/) - cycle Dir - look around, f - activate Flames lash the gargoyle but do no damage.
The foxfire hits the gargoyle but does no damage.
The gargoyle is heavily damaged.
The foxfire hits the gargoyle but does no damage.
The gargoyle is heavily damaged.
The foxfire hits the gargoyle.
The gargoyle is heavily damaged.
The foxfire hits the gargoyle but does no damage.
The gargoyle is heavily damaged.
The foxfire hits the gargoyle but does no damage.
The gargoyle is heavily damaged.
The foxfire hits the gargoyle but does no damage.
The gargoyle is heavily damaged.
The foxfire hits the gargoyle but does no damage.
The gargoyle is heavily damaged.
The foxfire hits the gargoyle but does no damage.
The gargoyle is heavily damaged.
The gargoyle hurls a stone arrow at you.
The stone arrow hits you!
* * * LOW HITPOINT WARNING * * *
The foxfire hits the gargoyle but does no damage.
The gargoyle is heavily damaged.
You take 13 damage, and have 20/78 hp.
You now have 10/22 mp.
Casting: Scorch (safe; 1% risk of failure)
Press: ? - help, Q - select action, (/) - cycle Dir - look around, f - activate Flames lash the gargoyle.
The gargoyle is heavily damaged.
The gargoyle is no longer more vulnerable to fire.
The foxfire hits the gargoyle but does no damage.
The gargoyle is heavily damaged.
The foxfire hits the gargoyle but does no damage.
The gargoyle is heavily damaged.
The gargoyle hurls a stone arrow at you.
The stone arrow hits you!!
You die...

#. #.. .# . .# #.# #.
.# .. #.# #.###.# ..#
#..#..# ##.##..# #.#
#.....###...#.###..##
#...§§§##.....##....###
#...§§.#.............#.
#@9...............
#.[####........... #...
#§## ##.......... #...
#..# #..........
...###..# #..9.......
..##..## ##..........
#......# ##..###......
##..###..###..##
###.... # ##...#
#...#..# ##...


You could see a gargoyle.

Vanquished Creatures
  A cyclops (D:7)
  Maggie (D:6)
  A kobold demonologist (D:10)
  Prince Ribbit (D:9)
  A hornet (D:8)
  Sigmund (D:2)
  A shadow (D:9)
  Eustachio (D:6)
  20 yaks
  A steam dragon (D:9)
  Edmund (D:4)
  Menkaure (D:4)
  Duvessa (D:4)
  A water moccasin (D:5)
  A hornet zombie (D:7)
  A black bear (D:5)
  A swamp drake (D:9)
  5 orc warriors
  2 ice beasts
  3 necrophages
  2 ogres
  4 centaurs
  Blork the orc (D:4)
  2 bullfrogs
  Dowan (D:4)
  3 wights
  3 centaur zombies
  2 jellies
  3 bullfrog zombies
  Crazy Yiuf (D:4)
  3 hounds
  A bullfrog skeleton (D:7)
  6 orc priests
  A gnoll shaman (D:4)
  2 iguanas
  Natasha (twice) (D:2)
  7 orc wizards
  2 howler monkey zombies
  A howler monkey skeleton (D:6)
  7 gnolls
  5 adders
  2 ufetubi (D:5)
  An adder skeleton (D:4)
  An adder zombie (D:5)
  3 dart slugs
  35 orcs
  4 bats
  5 endoplasms
  4 giant cockroaches
  3 goblins
  6 hobgoblins
  3 jackals (D:1)
  7 quokkas
  11 ball pythons
  A frilled lizard (D:1)
  A kobold (D:1)
  3 rats
195 creatures vanquished.

Vanquished Creatures (others)
  67 foxfires
67 creatures vanquished.

Grand Total: 262 creatures vanquished

Notes
Turn   | Place    | Note
-------+----------+-------------------------------------------
     0 | D:1      | jasper the Demonspawn Cinder Acolyte began the quest for
                  | the Orb.
     0 | D:1      | Reached XP level 1. HP: 18/18 MP: 2/2
   561 | D:1      | Reached skill level 3 in Fire Magic
   561 | D:1      | Gained mutation: You have a pair of small horns on your
                  | head. [demonic ancestry]
   561 | D:1      | Reached XP level 2. HP: 14/24 MP: 3/3
   688 | D:1      | Learned a level 2 spell: Scorch
   985 | D:1      | Found Wuvotab's Antique Armour Emporium.
  1246 | D:1      | Found a faded altar of an unknown god.
  1489 | D:2      | Noticed Sigmund
  1637 | D:2      | Killed Sigmund
  1638 | D:2      | Reached skill level 4 in Fire Magic
  1638 | D:2      | Gained mutation: You have a pair of horns on your head.
                  | [demonic ancestry]
  1638 | D:2      | Reached XP level 3. HP: 17/30 MP: 4/6
  1638 | D:2      | Reached XP level 4. HP: 22/37 MP: 4/7
  1638 | D:2      | Gained mutation: You have a pair of large horns on your
                  | head. [demonic ancestry]
  1638 | D:2      | Reached XP level 5. HP: 25/42 MP: 4/8
  1907 | D:2      | Learned a level 4 spell: Olgreb's Toxic Radiance
  2525 | D:3      | Reached skill level 1 in Poison Magic
  3157 | D:3      | Gained mutation: You are partially covered in large bone
                  | plates. (SH +4) [demonic ancestry]
  3157 | D:3      | Reached XP level 6. HP: 48/48 MP: 7/10
  3973 | D:4      | Noticed an orc warrior
  3989 | D:4      | Killed an orc warrior
  4029 | D:4      | Noticed Menkaure
  4037 | D:4      | Noticed Blork the orc
  4038 | D:4      | Killed Menkaure
  4039 | D:4      | Reached skill level 1 in Armour
  4039 | D:4      | Reached XP level 7. HP: 44/55 MP: 2/12
  4116 | D:4      | Noticed Duvessa
  4337 | D:5      | Entered Level 5 of the Dungeon
  4608 | D:5      | Reached skill level 5 in Poison Magic
  4654 | D:5      | Gained mutation: You regenerate magic rapidly. [demonic
                  | ancestry]
  4654 | D:5      | Reached XP level 8. HP: 36/61 MP: 1/14
  5379 | D:5      | Found a basalt altar of Yredelemnul.
  5665 | D:4      | Found a runed translucent door.
  5666 | D:4      | Noticed Crazy Yiuf
  5882 | D:4      | Killed Duvessa
  5883 | D:4      | Reached skill level 5 in Spellcasting
  5913 | D:4      | Noticed Dowan
  5930 | D:4      | Killed Dowan
  5937 | D:4      | Killed Blork the orc
  6060 | D:4      | Noticed Edmund
  6073 | D:4      | Killed Edmund
  6127 | D:4      | Found a transporter.
  6128 | D:4      | Noticed AlleluiaPinecone's ghost (amateur GnWn)
  6130 | D:4      | Identified the +8 dire flail of the Big Fish {vorpal, Fly
                  | rPois rN+ SInv}
  6136 | D:4      | Found a transporter.
  6275 | D:1      | Bought a buckler for 94 gold pieces
  6361 | D:2      | Noticed Natasha
  6371 | D:2      | Killed Natasha
  6678 | D:2      | Noticed Natasha
  6682 | D:2      | Killed Natasha
  7275 | D:4      | Killed Crazy Yiuf
  7276 | D:4      | Gained mutation: You are mostly covered in large bone
                  | plates. (SH +6) [demonic ancestry]
  7276 | D:4      | Reached XP level 9. HP: 61/66 MP: 14/17
  7395 | D:6      | Reached skill level 1 in Shields
  7725 | D:6      | Noticed Eustachio
  7748 | D:6      | Killed Eustachio
  7749 | D:6      | Reached skill level 5 in Fire Magic
  7799 | D:6      | Noticed Maggie
  7808 | D:6      | Killed Maggie
  7977 | D:6      | Identified the ring "Gukkujel" {rF+ Int+4 Dex+4}
  8202 | D:6      | Reached skill level 6 in Fire Magic
  8349 | D:7      | Found Nedokh's Book Shoppe.
  8607 | D:7      | Found a staircase to the Ecumenical Temple.
  8622 | D:7      | Noticed a cyclops
  8630 | D:7      | Killed a cyclops
  8910 | D:7      | Reached skill level 7 in Fire Magic
  9311 | D:8      | Reached XP level 10. HP: 73/73 MP: 10/20
  9515 | D:8      | Learned a level 4 spell: Airstrike
  9520 | D:8      | Learned a level 4 spell: Summon Lightning Spire
  9526 | D:8      | Learned a level 5 spell: Lightning Bolt
  9635 | D:8      | Noticed Gastronok
 10007 | D:8      | Found a runed translucent door.
 10008 | D:8      | Found a shimmering altar of Xom.
 10008 | D:8      | Noticed Liquidunit's ghost (novice MiGl)
 10009 | D:8      | Noticed a +1 whip of chaos
 10158 | D:9      | Reached skill level 8 in Fire Magic
 10257 | D:9      | Reached skill level 9 in Fire Magic
 10259 | D:9      | Reached skill level 1 in Conjurations
 10259 | D:9      | Reached skill level 1 in Air Magic
 10423 | D:9      | Noticed Prince Ribbit
 10435 | D:9      | Killed Prince Ribbit
 11211 | D:9      | Found a staircase to the Orcish Mines.
 11444 | D:10     | Entered Level 10 of the Dungeon
 11561 | D:10     | Gained mutation: You may rarely emit foul miasma when
                  | damaged in melee. [demonic ancestry]
 11561 | D:10     | Reached XP level 11. HP: 78/78 MP: 10/22
 11855 | D:10     | Killed from afar by a gargoyle

Illustrated notes

Levels and vault maps discovered:
D:1:      minmay_arrival_arboretum_large, layout_basic, serial_shops,
          nicolae_shop_overgrown_old_shop, shapermc_ecumenical_altar_pompeii
D:2:      layout_basic, uniq_natasha, uniq_sigmund
D:3:      layout_basic
D:4:      cheibrodos_helix_gallery, layout_basic, gammafunk_ghost_smash,
          patterned_corridor, uniq_duvessa, uniq_menkaure, uniq_edmund,
          uniq_crazy_yiuf_cottage, uniq_blork_the_orc
D:5:      layout_cave_pods, general_overflow_altar,
          cheibrodos_sewer_entry_drain, minmay_manual_mess
D:6:      layout_basic, uniq_eustachio, uniq_maggie
D:7:      layout_loops_ring, minmay_temple_entry_glassed_door, serial_shops,
          shop
D:8:      layout_loops_cross, ebering_ghost_xom, uniq_gastronok, uniq_pikel
D:9:      layout_small_grid, erik_orc_1, uniq_prince_ribbit1
D:10:     cheibrodos_fzero, layout_layer_cave, gammafunk_ghost_spectres,
          minivault_16

Skill      XL: |  1  2  3  4  5  6  7  8  9 10 11 |
---------------+----------------------------------+-----
Fire Magic     | 3 4 7 9 |  9.0
Fighting       | 4 |  4.3
Spellcasting   | 2 3 4 5 6 7 |  7.6
Poison Magic   | 1 3 5 7 |  7.4
Armour         | 1 2 3 |  3.0
Shields        | 3 4 |  4.0
Conjurations   | 3 4 |  4.0
Air Magic      | 4 |  4.5
Polearms       | |  2.6

Action                   |  1- 3 |  4- 6 |  7- 9 | 10-12 || total
-------------------------+-------+-------+-------+-------++-------
Melee: Spear             |    41 |       |       |       ||    41
       Headbutt          |     1 |       |     9 |     5 ||    15
       Scythe            |       |     3 |       |       ||     3
       Dagger            |       |       |    56 |    32 ||    88
 Cast: Scorch            |     5 |    53 |   153 |    58 ||   269
       Olgreb's Toxic Ra |       |     2 |    23 |    23 ||    48
Invok: Foxfire Swarm     |     1 |     1 |     1 |     2 ||     5
  Use: Scroll            |     3 |       |    13 |       ||    16
       Potion            |       |       |       |     1 ||     1
Armor: Robe              |     7 |     3 |       |       ||    10
       Leather armour    |       |       |    38 |    27 ||    65
Dodge: Dodged            |    14 |     9 |    72 |    41 ||   136
Block: Other             |       |       |    28 |       ||    28
       Buckler           |       |       |    22 |    43 ||    65

Table legend: (Time is in decaauts)
 A = Elapsed time spent in this place.
 B = Non-inter-level travel time spent in this place.
 C = Inter-level travel time spent in this place.
 D = Time resting spent in this place.
 E = Time spent auto-exploring this place.
 F = Levels seen in this place.
 G = Mean time per level.
                   A        B        C        D        E       F      G
               +--------+--------+--------+--------+--------+-----+--------+
         Total |  11904 |  11347 |    557 |   2744 |   7110 |  10 | 1190.4 |
       Dungeon |  11904 |  11347 |    557 |   2744 |   7110 |  10 | 1190.4 |
               +--------+--------+--------+--------+--------+-----+--------+

Top non-repeatable levels by time:
     D:1: 1695 daAuts
     D:2: 1618 daAuts
     D:3: 1424 daAuts
     D:9: 1412 daAuts
     D:4: 1373 daAuts
     D:5: 1247 daAuts
     D:7: 1129 daAuts
     D:6: 884 daAuts
     D:8: 706 daAuts
    D:10: 410 daAuts
